 Seeded DCSS version 0.32-a0-933-ga8fa3634e4 (webtiles) character file.

Game seed: 3004286359654636035 (custom seed)

435 demibob the Ducker (level 7, -1/44 (50) HPs)
             Began as a Merfolk Gladiator on Apr 14, 2024.
             Slain by a wight
             ... wielding a +0 great sword
              (2 damage)
             ... on level 5 of the Dungeon.
             The game lasted 00:04:42 (4037 turns).

demibob the Ducker (Merfolk Gladiator)              Turns: 4037, Time: 00:04:43

HP:   -1/44 (50)    AC:  6    Str: 14    XL:     7   Next: 0%
MP:   7/7           EV: 15    Int:  8    God:
Gold: 308           SH:  0    Dex: 17    Spells: 6/6 levels left

rFire   . . .        a - +0 trident (venom)
rCold   . . .        (no shield)
rNeg    . . .        b - +0 leather armour
rPois   .            c - +0 helmet
rElec   .            (no cloak)
rCorr   .            (no gloves)
SInv    .            p - +1 pair of boots
Will    .....        (no amulet)
Stlth   +            (no ring)
HPRegen 0.27/turn    (no ring)
MPRegen 0.10/turn

%: no passive effects
@: hasted, heavily drained, very quick
A: (nimble swimmer 2), mertail
a: no special abilities


You were on level 5 of the Dungeon.
You visited 1 branch of the dungeon, and saw 5 of its levels.

You collected 308 gold pieces.


Innate Abilities, Weirdness & Mutations

((You are very nimble when in or above water. (Stealth+, EV+, Speed+++)))
Your lower body shifts to a powerful aquatic tail in water.


   Skills:
 - Level 2.1 Fighting
 + Level 7.6 Polearms
 - Level 2.0 Throwing
 + Level 7.6 Dodging


You had 6 spell levels left.
You didn't know any spells.
Your spell library contained the following spells:

 Spells                   Type           Power      Damage    Failure   Level
 Magic Dart               Conj           0%         1d3       50%         1
 Blink                    Tloc           0%         N/A       63%         2
 Call Imp                 Summ           0%         N/A       63%         2
 Tukima's Dance           Hex            0%         N/A       86%         3
 Dimensional Bullseye     Hex/Tloc       0%         N/A       99%         4
 Iskenderun's Mystic Bla Conj/Tloc 0%             2d3        (+2d1     99%         4

Inventory:

Hand Weapons
 a - a +0 trident of venom (weapon)
Missiles
 d - 3 throwing nets (quivered) {=f}
 e - a javelin
Armour
 b - a +0 leather armour (worn)
 c - a +0 helmet (worn)
 p - a +1 pair of boots (worn)
Wands
 g - a wand of mindburst (22)
 j - a wand of polymorph (3)
 l - a wand of iceblast (8)
Scrolls
 f - 2 scrolls of teleportation {@r2}
 i - a scroll of fear
 m - a scroll of revelation {unknown}
 s - 2 scrolls of amnesia
Potions
 h - 2 potions of lignification
 k - 2 potions of haste {@q3}
 n - a potion of cancellation {unknown}
 o - a potion of mutation {unknown}
 q - a potion of degeneration {unknown}

Dungeon Overview and Level Annotations

Branches:
Dungeon (5/15)
 Temple: D:4-7

Altars:
Ashenzari
Zin

Shops:
D:1 =?(*?   D:4 (

Annotations:
D:2 Natasha

#........##....
##.......##.......
#.................
##................
###.................
##......<...........
#.....#†##.......##
#.....#####......#...
#..#..# ##.@z......
##.#.## ##.)......
##### #...##..# #####
.


You could see a wight.


Message History

You hit the wight.
The wight is severely damaged.
You closely miss the wight.
The wight is severely damaged.
The wight barely misses you.
You completely miss the wight.
The wight is severely damaged.
You closely miss the wight.
The wight is severely damaged.
The wight hits you with a +0 great sword.
* * * LOW HITPOINT WARNING * * *
You feel drained.
* * * LOW HITPOINT WARNING * * *
You hit the wight.
The wight is almost destroyed.
The wight barely misses you.
You closely miss the wight.
The wight is almost destroyed.
You hit the wight but do no damage.
The wight is almost destroyed.
The wight hits you with a +0 great sword!
* * * LOW HITPOINT WARNING * * *
You feel drained.
Unknown command.
You hit the wight but do no damage.
The wight is almost destroyed.
You closely miss the wight.
The wight is almost destroyed.
The wight hits you with a +0 great sword.
You die...

Skill      XL: |  1  2  3  4  5  6 |
---------------+-------------------+-----
Polearms       | 5 6 7 |  7.6
Dodging        | 5 6 7 |  7.6
Fighting       | |  2.1
Throwing       | |  2.0

Action                     |  1- 3 |  4- 6 |  7- 9 || total
---------------------------+-------+-------+-------++-------
  Melee: Trident           |    69 |   188 |    14 ||   271
  Evoke: Wand              |       |     1 |       ||     1
    Use: Scroll            |     5 |     8 |       ||    13
         Potion            |       |     3 |       ||     3
   Stab: Sleeping          |     7 |     3 |       ||    10
 Armour: Leather armour    |    19 |    70 |     3 ||    92
  Dodge: Dodged            |    30 |    72 |     5 ||   107

Levels and vault maps discovered:
D:1:      dpeg_arrival_leaves_temple_mockup, layout_loops_ring, serial_shops,
          nicolae_shop_bloodbath_and_beyond, shop_coins,
          nicolae_shop_gibbet_a_chance, nicolae_square_shop, shop
D:2:      minmay_general_purpose_star, layout_basic, uniq_terence, uniq_natasha
D:3:      kennysheep_the_goblin_king, layout_basic, zin_treasury
D:4:      layout_loops_corners, lemuel_round_altar, serial_shops, shop,
          minmay_misc_feat_cross, minmay_statues_item, dk_rats_in_the_wall
D:5:      layout_cave_pools

Notes
Turn   | Place    | Note
-------+----------+-------------------------------------------
     0 | D:1      | demibob the Merfolk Gladiator began the quest for the Orb.
     0 | D:1      | Reached XP level 1. HP: 16/16 MP: 1/1
    79 | D:1      | Found Zoboh's Magic Scroll Boutique.
   160 | D:1      | Found Agosher's Weapon Boutique.
   175 | D:1      | Found Wiosocla's Assorted Antiques.
   199 | D:1      | Reached XP level 2. HP: 20/22 MP: 2/2
   325 | D:1      | Found Kuinkor's Jewellery Boutique.
   667 | D:1      | Found Coeppiora's Magic Scroll Emporium.
   805 | D:2      | Noticed Natasha
   818 | D:2      | Killed Natasha
   819 | D:2      | Reached skill level 5 in Polearms
   819 | D:2      | Reached skill level 5 in Dodging
   819 | D:2      | Reached XP level 3. HP: 8/27 MP: 3/3
  1130 | D:2      | Noticed Natasha
  1145 | D:2      | Killed Natasha
  1146 | D:2      | Reached XP level 4. HP: 23/33 MP: 4/4
  1415 | D:2      | Noticed Terence
  1423 | D:2      | Killed Terence
  1493 | D:2      | Noticed Natasha
  1977 | D:3      | Found a glowing silver altar of Zin.
  2055 | D:3      | Reached XP level 5. HP: 38/38 MP: 5/5
  2207 | D:3      | Noticed Ijyb
  2221 | D:3      | Reached skill level 6 in Polearms
  2224 | D:3      | Reached skill level 6 in Dodging
  2247 | D:3      | Killed Ijyb
  3119 | D:4      | Found a broken altar of Ashenzari.
  3149 | D:4      | Found Plog's Antique Weapon Shoppe.
  3264 | D:4      | Reached XP level 6. HP: 41/44 MP: 6/6
  3406 | D:4      | Reached skill level 7 in Polearms
  3464 | D:4      | Reached skill level 7 in Dodging
  3967 | D:5      | Entered Level 5 of the Dungeon
  4024 | D:5      | Reached XP level 7. HP: 22/48 MP: 7/7
  4035 | D:5      | HP: 1/46 [wight/+0 great sword (16)]
  4037 | D:5      | Slain by a wight

Vanquished Creatures
  2 wights (D:5)
  An orc priest (D:4)
  Ijyb (D:3)
  Natasha (twice) (D:2)
  An orc wizard (D:4)
  An iguana (D:5)
  Terence (D:2)
  3 gnolls (D:4)
  3 adders
  3 dart slugs
  14 orcs
  5 bats
  5 endoplasms
  3 giant cockroaches
  10 goblins
  4 hobgoblins
  3 jackals (D:3)
  4 kobolds
  A quokka (D:2)
  4 ball pythons
  7 frilled lizards
  4 rats
82 creatures vanquished.

Table legend: (Time is in decaauts)
 A = Elapsed time spent in this place.
 B = Non-inter-level travel time spent in this place.
 C = Inter-level travel time spent in this place.
 D = Time resting spent in this place.
 E = Time spent auto-exploring this place.
 F = Levels seen in this place.
 G = Mean time per level.
                   A        B        C        D        E       F      G
               +--------+--------+--------+--------+--------+-----+--------+
         Total |   4036 |   3921 |    115 |    104 |   3291 |   5 |  807.2 |
       Dungeon |   4036 |   3921 |    115 |    104 |   3291 |   5 |  807.2 |
               +--------+--------+--------+--------+--------+-----+--------+

Top non-repeatable levels by time:
     D:2: 1283 daAuts
     D:4: 1088 daAuts
     D:3: 914 daAuts
     D:1: 692 daAuts
     D:5: 57 daAuts

Table legend:
 A = Non-vault XP
 B = Vault XP
 C = Vault XP percentage of total XP
 D = Non-vault monster count
 E = Vault monster count
 F = Vault count percentage of total count
                 A         B        C        D         E       F
            +---------+---------+-------+---------+---------+-------
      Total |     498 |     124 |  19.9 |      69 |      13 |  15.9
            +---------+---------+-------+---------+---------+-------
        D:1 |      32 |       0 |   0.0 |      19 |       0 |   0.0
        D:2 |      47 |      74 |  61.2 |       7 |       6 |  46.2
        D:3 |      32 |      50 |  61.0 |      16 |       7 |  30.4
        D:4 |     192 |       0 |   0.0 |      23 |       0 |   0.0
        D:5 |     195 |       0 |   0.0 |       4 |       0 |   0.0
            +---------+---------+-------+---------+---------+-------
